 Dungeon Crawl Stone Soup version 0.29-a0-841-g116ddc6ace (webtiles) character file.

Game seed: 10525167714833898638

56 zeratav the Stinger (level 3, -9/21 HPs)
             Began as an Octopode Venom Mage on July 14, 2022.
             Killed from afar by Sigmund (10 damage)
             ... with a magic dart
             ... on level 2 of the Dungeon.
             The game lasted 00:04:40 (4854 turns).

zeratav the Stinger (Octopode Venom Mage)           Turns: 4854, Time: 00:04:40

Health: -9/21      AC:  1    Str:  7    XL:     3   Next: 97%
Magic:  4/6        EV: 13    Int: 19    God:
Gold:   64         SH:  0    Dex: 12    Spells: 3/6 levels left

rFire   . . .      SeeInvis .   c - +0 dagger (vamp) {short}
rCold   . . .      Faith    .   (no shield)
rNeg    . . .      Spirit   .   b - +0 hat
rPois   .          Reflect  .   (no amulet)
rElec   .          Harm     .   (no ring)
rCorr   .          Rampage  .   (no ring)
Will    .....                   (no ring)
Stlth   ++++......              (no ring)
HPRegen 0.07/turn               (no ring)
MPRegen 0.10/turn               (no ring)
                                (no ring)
                                (no ring)

@: no status effects
A: almost no armour, amphibious, 8 rings, camouflage 1, gelatinous body 1,
(nimble swimmer 1), tentacles
a: no special abilities


You were on level 2 of the Dungeon.
You visited 1 branch of the dungeon, and saw 2 of its levels.

You collected 64 gold pieces.


Innate Abilities, Weirdness & Mutations

You cannot wear most types of armour.
You are amphibious.
You can wear up to eight rings at the same time.
Your skin changes colour to match your surroundings (Stealth+).
Your rubbery body absorbs attacks. (AC +1, EV +1)
((You are camouflaged when in or above water. (Stealth+)))
You have tentacles for arms and can constrict up to eight enemies at once.


   Skills:
 - Level 2.0 Dodging
 + Level 4.6 Stealth
 - Level 2.0 Spellcasting
 - Level 1.0 Transmutations
 + Level 4.7 Poison Magic


You had 3 spell levels left.
You knew the following spells:

 Your Spells              Type           Power      Damage    Failure   Level
a - Sting                 Tmut/Pois      48%        1d5       5%          1
b - Poisonous Vapours     Pois/Air       20%        N/A       10%         2

Your spell library contained the following spells:

 Spells                   Type           Power      Damage    Failure   Level
 Mephitic Cloud           Conj/Pois/Air  7%         N/A       26%         3
 Olgreb's Toxic Radiance  Pois           20%        N/A       24%         4

Inventory:

Hand Weapons
 c - a +0 vampiric dagger (weapon) {short}
   (You took it off a goblin on level 1 of the Dungeon)
Armour
 b - a +0 hat (worn)
   (You found it on level 1 of the Dungeon)
 n - an orb of light
   (You found it on level 2 of the Dungeon)
Wands
 k - a wand of paralysis (19)
   (You found it on level 2 of the Dungeon)
Scrolls
 d - a scroll of enchant weapon {unknown}
 e - a scroll of identify {unknown}
 f - 2 scrolls of noise {unknown}
 h - a scroll of magic mapping {unknown}
 j - a scroll of fear {unknown}
 m - a scroll of poison {unknown}
Potions
 g - 2 potions of resistance {unknown}
 i - a potion of invisibility {unknown}
 l - 2 potions of lignification {unknown}

Dungeon Overview and Level Annotations

Branches:
Dungeon (2/15) Zot: 7136

Altars:
Ru

Annotations:
D:2 Sigmund

# ##..### #..#........ #####
##...### ##.#..###### ....#
#.....####...####### ....#
##.##............... _.(.#
#....##............ ....#
####....##......... ....#
###..####......)..
##..############.................
.##............>@....###.........
......#########.###.## #..)......
^####.......##..# ..# #.........
.# #.......#..## #...>.....####
## #......@..## ########[#
#.!......## ..# #.<......# >...
#.......## .... #.......# ...


You could see Sigmund (poisoned).


Message History

Sigmund looks even sicker.
MP[-1]
You lost 1 mp, and now have 4/6 mp.
Casting: Sting (safe; 5% risk of failure)
Confirm with . or Enter, or press ? or * to list all spells.
Aiming: Sting (safe; 5% risk of failure)
Press: ? - help, Shift-Dir - straight line, f/p - Sigmund
Aim: Sigmund, wielding a +0 scythe and wearing a +2 robe of willpower (lightly wounded, very poisoned, haloed, 78% to hit)
The sting hits Sigmund.
Sigmund looks even sicker.
Sigmund barely misses you.
MP[-1]
You lost 1 mp, and now have 3/6 mp.
Casting: Sting (safe; 5% risk of failure)
Confirm with . or Enter, or press ? or * to list all spells.
Aiming: Sting (safe; 5% risk of failure)
Press: ? - help, Shift-Dir - straight line, f/p - Sigmund
Aim: Sigmund, wielding a +0 scythe and wearing a +2 robe of willpower (moderately wounded, very poisoned, haloed, 78% to hit)
The sting hits Sigmund but does no damage.
Sigmund looks as sick as possible!
Sigmund closely misses you.
MP[-1]
You lost 1 mp, and now have 2/6 mp.
Casting: Sting (safe; 5% risk of failure)
Confirm with . or Enter, or press ? or * to list all spells.
Aiming: Sting (safe; 5% risk of failure)
Press: ? - help, Shift-Dir - straight line, f/p - Sigmund
Aim: Sigmund, wielding a +0 scythe and wearing a +2 robe of willpower (moderately wounded, extremely poisoned, haloed, 78% to hit)
The sting misses Sigmund.
MP[-1]
You lost 1 mp, and now have 1/6 mp.
Casting: Sting (safe; 5% risk of failure)
Confirm with . or Enter, or press ? or * to list all spells.
Aiming: Sting (safe; 5% risk of failure)
Press: ? - help, Shift-Dir - straight line, f/p - Sigmund
Aim: Sigmund, wielding a +0 scythe and wearing a +2 robe of willpower (moderately wounded, extremely poisoned, haloed, 78% to hit)
You miscast Sting.
You are very lightly contaminated with residual magic.
Nothing appears to happen.
Sigmund hits you from afar with a +0 scythe.
* * * LOW HITPOINT WARNING * * *
HP[-4] MP[-1]
You take 4 damage, and now have 10/21 hp.
You lost 1 mp, and now have 0/6 mp.
Sigmund hits you from afar with a +0 scythe.
* * * LOW HITPOINT WARNING * * *
You climb upwards.
There is a stone staircase leading down here.
HP[-5]
You take 5 damage, and now have 5/21 hp.
MASSIVE DAMAGE!! (PAUSE)
You start resting.
Your magical contamination has completely faded away.
HP[+16] MP[+6]
Your hp is fully restored (21).
Your mp is fully restored (6).
There is a large open door here.
There is a large open door here.
There is a large open door here.
There is a large open door here.
There is a large open door here.
There is a large open door here.
There is a large open door here.
There is a large open door here.
There is a stone staircase leading down here.
There is a stone staircase leading down here.
You climb downwards.
Level annotation: Sigmund
There is a stone staircase leading up here.
You start removing your armour.
You continue taking off your orb of light. x4
You finish taking off your orb of light.
Casting: Sting (safe; 5% risk of failure)
Confirm with . or Enter, or press ? or * to list all spells.
Aiming: Sting (safe; 5% risk of failure)
Press: ? - help, Shift-Dir - straight line, f - Sigmund
Aim: Sigmund, wielding a +0 scythe and wearing a +2 robe of willpower (wandering, hasn't noticed you, 68% to hit)
The sting misses Sigmund.
Sigmund shouts!
MP[-1]
You lost 1 mp, and now have 5/6 mp.
Casting: Sting (safe; 5% risk of failure)
Confirm with . or Enter, or press ? or * to list all spells.
Aiming: Sting (safe; 5% risk of failure)
Press: ? - help, Shift-Dir - straight line, f/p - Sigmund
Aim: Sigmund, wielding a +0 scythe and wearing a +2 robe of willpower (68% to hit)
The sting hits Sigmund but does no damage.
Sigmund is poisoned.
Sigmund hits you from afar with a +0 scythe!
Ouch! That really hurt!
* * * LOW HITPOINT WARNING * * *
HP[-13] MP[-1]
You take 13 damage, and now have 8/21 hp.
MASSIVE DAMAGE!! (PAUSE)
You lost 1 mp, and now have 4/6 mp.
Sigmund casts a spell at you. The magic dart hits you!
* * * LOW HITPOINT WARNING * * *
HP[-7]
You take 7 damage, and now have 1/21 hp.
MASSIVE DAMAGE!! (PAUSE) Sigmund casts a spell at you.
The magic dart hits you!
You die...

Skill      XL: |  1  2  3 |
---------------+----------+-----
Stealth        | 3 4 |  4.6
Poison Magic   | 4 |  4.7
Dodging        | |  2.0
Spellcasting   | |  2.0
Transmutations | |  1.0

Action                   || total
-------------------------++-------
Melee: Unarmed           ||    12
       Constrict         ||    19
       Tentacles         ||    11
       Dagger            ||    64
 Cast: Sting             ||    54
       Poisonous Vapours ||     8
  Use: Potion            ||     1
 Stab: Sleeping          ||     8
Armor: Skin              ||     9
Dodge: Dodged            ||    63

Levels and vault maps discovered:
D:1:      saegor_arrival_fortress, layout_basic, nrook_mini_vaults
D:2:      layout_rooms, basic_altar, uniq_sigmund

Notes
Turn   | Place    | Note
-------+----------+-------------------------------------------
     0 | D:1      | zeratav the Octopode Venom Mage began the quest for the
                  | Orb.
     0 | D:1      | Reached XP level 1. HP: 11/11 MP: 3/3
     0 | D:1      | magus.rc [v1.9.6]
   531 | D:1      | Reached skill level 3 in Stealth
   793 | D:1      | Reached XP level 2. HP: 17/17 MP: 0/5
   802 | D:1      | Reached skill level 4 in Poison Magic
  1343 | D:1      | Reached XP level 3. HP: 9/21 MP: 2/6
  1742 | D:2      | Reached skill level 4 in Stealth
  2084 | D:2      | Found a sacrificial altar of Ru.
  2088 | D:2      | HP: 1/21 [frozen (5)]
  2371 | D:2      | Noticed Sigmund
  2452 | D:2      | Learned a level 2 spell: Poisonous Vapours
  2779 | D:2      | HP: 2/21 [something/magic dart (6)]
  3275 | D:2      | HP: 2/21 [Sigmund/+0 scythe (11)]
  3995 | D:2      | HP: 3/21 [Sigmund/+0 scythe (5)]
  4466 | D:2      | HP: 5/21 [Sigmund/+0 scythe (5)]
  4853 | D:2      | HP: 1/21 [Sigmund/magic dart (7)]
  4854 | D:2      | Killed from afar by Sigmund

Vanquished Creatures
  An adder (D:2)
  A worm (D:2)
  A dart slug (D:2)
  4 endoplasms
  3 giant cockroaches
  3 goblins
  4 hobgoblins
  2 jackals (D:1)
  2 kobolds
  2 quokkas (D:1)
  3 ball pythons
  5 bats
  2 frilled lizards
  8 rats
41 creatures vanquished.

Table legend:
 A = Non-vault XP
 B = Vault XP
 C = Vault XP percentage of total XP
 D = Non-vault monster count
 E = Vault monster count
 F = Vault count percentage of total count
                 A         B        C        D         E       F
            +---------+---------+-------+---------+---------+-------
      Total |      81 |       0 |   0.0 |      41 |       0 |   0.0
            +---------+---------+-------+---------+---------+-------
        D:1 |      35 |       0 |   0.0 |      22 |       0 |   0.0
        D:2 |      46 |       0 |   0.0 |      19 |       0 |   0.0
            +---------+---------+-------+---------+---------+-------

Illustrated notes

Table legend:
 A = Kills in this place as a percentage of kills in entire the game.
 B = Kills by you in this place as a percentage of kills by you in the entire game.
 C = Kills by friends in this place as a percentage of kills by friends in the entire game.
 D = Other kills in this place as a percentage of other kills in the entire game.
 E = Experience gained in this place as a percentage of experience gained in the entire game.
 F = Experience gained in this place divided by the number of levels of this place that you have seen.
                   A       B       C       D       E      F
               +-------+-------+-------+-------+-------+----------------------
         Total | 100.0 | 100.0 |   N/A |   N/A | 100.0 |  40.5
       Dungeon | 100.0 | 100.0 |   N/A |   N/A | 100.0 |  40.5
               +-------+-------+-------+-------+-------+----------------------

Table legend: (Time is in decaauts)
 A = Elapsed time spent in this place.
 B = Non-inter-level travel time spent in this place.
 C = Inter-level travel time spent in this place.
 D = Time resting spent in this place.
 E = Time spent auto-exploring this place.
 F = Levels seen in this place.
 G = Mean time per level.
                   A        B        C        D        E       F      G
               +--------+--------+--------+--------+--------+-----+--------+
         Total |   4862 |   4683 |    179 |   2327 |   1824 |   2 | 2431.0 |
       Dungeon |   4862 |   4683 |    179 |   2327 |   1824 |   2 | 2431.0 |
               +--------+--------+--------+--------+--------+-----+--------+

Top non-repeatable levels by time:
     D:1: 3681 daAuts
     D:2: 1181 daAuts
